 Dungeon Crawl Stone Soup version 0.20.1-1-g8b1a95d66d (webtiles) character file.

154 Popi the Covered (level 5, -4/42 HPs)
             Began as a Human Fighter on Dec 18, 2017.
             Slain by Grinder (6 damage)
             ... on level 3 of the Dungeon.
             The game lasted 00:02:59 (2218 turns).

Popi the Covered (Human Fighter)                    Turns: 2218, Time: 00:03:00

Health: -4/42      AC:  7    Str: 17    XL:     5   Next: 63%
Magic:  5/5        EV: 10    Int:  9    God:
Gold:   122        SH:  0    Dex: 12    Spells: 4/4 levels left

rFire    . . .     SeeInvis .   a - +0 long sword
rCold    . . .     Gourm    .   (no shield)
rNeg     . . .     Faith    .   b - +0 scale mail
rPois    .         Spirit   .   (no helmet)
rElec    .         Reflect  .   (no cloak)
rCorr    .         Harm     .   (no gloves)
MR       .....                  (no boots)
Stlth    ..........             (no amulet)
Regen    0.2/turn               (no ring)
MPRegen  0.1/turn               (no ring)

@: no status effects
A: no striking features
a: no special abilities


You were on level 3 of the Dungeon.
You were not hungry.

You visited 1 branch of the dungeon, and saw 3 of its levels.

You collected 122 gold pieces.

Inventory:

Hand Weapons
 a - a +0 long sword (weapon)
Armour
 b - a +0 scale mail (worn)
Jewellery
 n - an uncursed amulet of harm {unknown}
 s - an uncursed ring of wizardry {unknown}
Wands
 k - a wand of lightning (8/15)
Scrolls
 e - 2 scrolls of identify {unknown}
 g - a scroll of enchant armour {unknown}
 h - a scroll of fog {unknown}
 l - 2 scrolls of teleportation {unknown}
 m - 4 scrolls of remove curse {unknown}
 o - a scroll of noise {unknown}
Potions
 c - a potion of agility {unknown}
 d - 2 potions of might
 i - a potion of haste {unknown}
 j - a potion of brilliance {unknown}
 q - a potion of mutation {unknown}
Comestibles
 f - 3 bread rations
 p - a meat ration
 r - 3 chunks of flesh


   Skills:
 + Level 3.7 Fighting
 + Level 3.6 Long Blades
 + Level 3.9 Armour
 * Level 1.8 Dodging
   Level 3.0 Shields


You had 4 spell levels left.
You didn't know any spells.

Dungeon Overview and Level Annotations

Branches:
Dungeon (3/15)

Altars:
Gozag
Zin

Shops:
D:2 *

Annotations:
D:3 Grinder


Message History

Grinder closely misses you.
You barely miss Grinder.
Grinder is severely wounded.
Grinder misses you.
You riposte.
You barely miss Grinder.
Grinder is severely wounded.
You hit Grinder but do no damage.
Grinder is severely wounded.
Grinder barely misses you.
You riposte.
You hit Grinder.
Grinder is severely wounded.
Grinder blinks!
Grinder gestures at you. You resist with significant effort.
Grinder gestures at you.
You suddenly lose the ability to move!
Grinder blinks!
You can move again.
Grinder hits you!
* * * LOW HITPOINT WARNING * * *
You writhe in agony.
You die...

#.. ........# #.
#.# .....#..###.
#.##(#####........
#.##..............
#.##..#####.......
#.##%.# #.#.#.##
#.##..# #.#.##.#
#.##..# #.#.# #.
#@##..#####.#.# ##
#.5...........#
####.$...##.###
##.##.##.#
#.##.##.#
#....##..
####.###. #.. .#
#.# .#


You could see Grinder.

Vanquished Creatures
  2 orc priests
  4 adders (D:2)
  3 worms (D:2)
  5 orcs
  4 ball pythons
  4 bats
  4 giant cockroaches
  11 goblins
  A hobgoblin (D:2)
  4 kobolds
  3 frilled lizards
  5 rats (D:2)
50 creatures vanquished.

Notes
Turn   | Place    | Note
-------+----------+-------------------------------------------
     0 | D:1      | Popi the Human Fighter began the quest for the Orb.
     0 | D:1      | Reached XP level 1. HP: 18/18 MP: 1/1
   111 | D:1      | Reached XP level 2. HP: 19/24 MP: 2/2
   583 | D:2      | Reached XP level 3. HP: 24/29 MP: 3/3
   662 | D:2      | Found Gozag's Platinum Reserve.
   789 | D:2      | Reached XP level 4. HP: 17/35 MP: 4/4
  1005 | D:2      | Found a glowing silver altar of Zin.
  1149 | D:2      | Reached skill level 1 in Dodging
  1278 | D:2      | Found an opulent altar of Gozag.
  1842 | D:2      | Reached XP level 5. HP: 8/42 MP: 5/5
  2186 | D:3      | Noticed Grinder
  2207 | D:3      | Paralysed by Grinder for 4 turns
  2218 | D:3      | HP: 2/42 [Grinder (7)]
  2218 | D:3      | Slain by Grinder

Skill      XL: |  1  2  3  4 |
---------------+-------------+-----
Dodging        | 1 |  1.8
Long Blades    | 3 |  3.6
Fighting       | |  3.7
Armour         | |  3.9
Shields        | |  3.0

Action                   |  1- 3 |  4- 6 || total
-------------------------+-------+-------++-------
Melee: Long sword        |    71 |    98 ||   169
  Eat: Chunk             |       |     4 ||     4
Armor: Scale mail        |    31 |    33 ||    64
Dodge: Dodged            |    41 |    52 ||    93
       Rpst.: Long sword |    10 |    14 ||    24
